 Dungeon Crawl Stone Soup version 0.27.1-4-g1640c2035a (webtiles) character file.

Game seed: 17930489571617454405

16387 Crownlay the Grappler (level 12, -2/119 HPs)
             Began as a Troll Hunter on Nov 6, 2021.
             Was a High Priest of Okawaru.
             Shot with an arrow by a centaur (6 damage)
             ... on level 12 of the Dungeon.
             The game lasted 00:19:44 (8979 turns).

Crownlay the Grappler (Troll Hunter)                Turns: 8979, Time: 00:19:45

Health: -2/119     AC:  9    Str: 33    XL:     12   Next: 9%
Magic:  14/14      EV:  4    Int:  7    God:    Okawaru [*****.]
Gold:   672        SH:  5    Dex: 10    Spells: 11/11 levels left

rFire    + . .     SeeInvis .     - Unarmed
rCold    + . .     Faith    .   (no shield)
rNeg     . . .     Spirit   .   x - +0 gold dragon scales
rPois    +         Reflect  +   f - +0 hat
rElec    .         Harm     .   p - +0 cloak
rCorr    .         Rampage  .   (gloves unavailable)
Will     .....                  (boots unavailable)
Stlth    ..........             b - amulet of reflection
HPRegen  1.29/turn              i - +6 ring of strength
MPRegen  0.14/turn              A - +4 ring of slaying

@: corroded
A: large, unfitting armour, claws 3, regeneration 1, shaggy fur 1, tough skin 1
a: Renounce Religion, Heroism, Finesse


You were on level 12 of the Dungeon.
You worshipped Okawaru.
Okawaru was extremely pleased with you.
You visited 1 branch of the dungeon, and saw 12 of its levels.
You also visited: Sewer.

You collected 672 gold pieces.

Inventory:

Hand Weapons
 I - a +4 scimitar of flaming
Missiles
 c - 8 javelins
 d - 2 throwing nets (quivered)
 y - 5 large rocks
 J - 5 datura-tipped darts
Armour
 f - a +0 hat (worn)
 p - a +0 cloak (worn)
 x - +0 gold dragon scales (worn)
Jewellery
 b - an amulet of reflection (around neck)
 i - a +6 ring of strength (left claw)
 t - an amulet of regeneration
 A - a +4 ring of slaying (right claw)
Wands
 E - a wand of paralysis (15)
 F - a wand of flame (51)
Scrolls
 e - 2 scrolls of fear
 h - 2 scrolls of enchant armour
 j - a scroll of summoning {unknown}
 q - 3 scrolls of enchant weapon
 r - 3 scrolls of blinking
 s - a scroll of silence {unknown}
 w - 6 scrolls of teleportation
 C - a scroll of vulnerability {unknown}
 D - 3 scrolls of immolation
 H - 2 scrolls of magic mapping
 L - a scroll of torment {unknown}
Potions
 a - 3 potions of might
 g - a potion of brilliance {unknown}
 k - 3 potions of flight
 l - a potion of haste {unknown}
 m - 6 potions of curing
 n - a potion of lignification {unknown}
 o - a potion of ambrosia {unknown}
 u - 2 potions of heal wounds
 v - 4 potions of resistance
 z - a potion of degeneration {unknown}
 B - 2 potions of berserk rage
 G - a potion of attraction {unknown}
 K - a potion of cancellation {unknown}


   Skills:
 - Level 8.0 Fighting
 + Level 9.9 Throwing
 - Level 5.0 Armour
 - Level 1.5 Dodging
 - Level 0.3 Stealth
 + Level 12.2 Unarmed Combat
 + Level 4.1 Invocations


You had 11 spell levels left.
You didn't know any spells.
Your spell library contained the following spells:

 Spells                   Type           Power      Damage    Failure   Level
 Magic Dart               Conj           0%         1d3       100%        1
 Call Imp                 Summ           0%         N/A       100%        2
 Slow                     Hex            0%         N/A       100%        2
 Sublimation of Blood     Necr           0%         N/A       100%        2
 Call Canine Familiar     Summ           0%         N/A       100%        3
 Confusing Touch          Hex            0%         N/A       100%        3
 Gell's Gravitas          Tloc           0%         N/A       100%        3
 Mephitic Cloud           Conj/Pois/Air  0%         N/A       100%        3
 Portal Projectile        Hex/Tloc       0%         N/A       100%        3
 Teleport Other           Tloc           0%         N/A       100%        3
 Fulminant Prism          Conj/Hex       0%         3d6       100%        4
 Iskenderun's Mystic Bla  Conj/Tloc      0%         2d3       100%        4
 Leda's Liquefaction      Hex/Erth       0%         N/A       100%        4
 Petrify                  Tmut/Erth      0%         N/A       100%        4
 Irradiate                Conj/Tmut      0%         3d14      100%        5
 Lee's Rapid Deconstruct  Erth           0%         3d5*      100%        5
 Summon Forest            Summ/Tloc      0%         N/A       100%        5
 Summon Mana Viper        Hex/Summ       0%         N/A       100%        5
 Yara's Violent Unravell  Hex/Tmut       0%         3d3       100%        5
 Dispersal                Tloc           0%         N/A       100%        6
 Fire Storm               Conj/Fire      0%         5d1       100%        9


Dungeon Overview and Level Annotations

Branches:
Dungeon (12/15)              Lair (0/6) D:11            Orc (0/2) D:11
  Sewer (visited)
 Temple: D:4-7

Altars:
Okawaru
Ru
Trog
Xom

Shops:
D:1 (   D:6 [


Innate Abilities, Weirdness & Mutations

You are too large for most types of armour.
You have claws for hands.
Your natural rate of healing is unusually fast.
You are covered in fur. (AC +1)
You have tough skin. (AC +1)


Message History

The troll barely misses you.
You hear a shout!
You mangle the troll!!
The troll is severely wounded.
The troll bites you. The troll barely misses you.
The troll claws you but does no damage.
The centaur shoots an arrow.
The arrow hits you.
You eviscerate the troll!!!
You kill the troll!
Okawaru accepts your kill.
The troll leather armour is intact enough to wear.
The centaur shoots an arrow.
The arrow barely misses you. The acid dragon spits acid at you.
The splash of acid hits you but does no damage.
The acid corrodes you!
You are splashed with acid!
The centaur shoots an arrow.
You reflect the arrow off an invisible shield around you!
The arrow closely misses the centaur.
The centaur shoots an arrow.
You reflect the arrow off an invisible shield around you!
The arrow hits the centaur!
Things that are here:
a +0 troll leather armour; a troll corpse
Aiming: Paralyse
Press: ? - help, Shift-Dir - straight line, f - acid dragon
Aim: an acid dragon (chance to affect: 46%)
The acid dragon resists with some effort.
The centaur shoots an arrow.
The arrow hits you but does no damage.
The centaur shoots an arrow.
The arrow hits you!
* * * LOW HITPOINT WARNING * * *
The centaur shoots an arrow.
The arrow hits you!
* * * LOW HITPOINT WARNING * * *
The acid dragon spits acid at you.
The splash of acid hits you but does no damage.
The acid corrodes you!
You are splashed with acid!
* * * LOW HITPOINT WARNING * * *
Okay, then.
The centaur shoots an arrow.
The arrow hits you!
* * * LOW HITPOINT WARNING * * *
The centaur shoots an arrow.
The arrow hits you.
You die...

.##†#....###.≈≈. ..
≈.≈≈≈≈≈....###≈≈####.#####
≈≈≈≈≈≈≈≈≈..≈≈≈≈# #......).
.≈≈####≈≈≈≈≈≈≈≈##
#........ .. ....#≈≈≈≈≈≈##
#........ .
###.#+##.#######..c.....
..
.........$.<#..[..D.....
..
.............#......cc...
..
.........###.#@..##.##'##
.. ..........#.#...# .# ..
##..........#...# # ..
#......#.......# ..
#..!...#.......# ..
#......###..#### ..
#...........# ..
#.....#####.# .. #.....#
#... ..


You could see an acid dragon and 3 centaurs.

Vanquished Creatures
  A boulder beetle (D:7)
  Harold (D:8)
  A hydra (D:12)
  Erica (D:8)
  A centaur warrior (D:12)
  Urug (D:11)
  A cyclops (D:12)
  A manticore (D:11)
  3 gargoyles
  2 efreet (D:12)
  3 trolls
  Prince Ribbit (D:6)
  Grinder (D:6)
  A dream sheep (D:9)
  A slime creature (D:12)
  Sigmund (D:5)
  A water elemental (D:11)
  A redback (D:12)
  2 wraiths
  A centaur simulacrum (D:12)
  A shadow (D:11)
  13 yaks
  A steam dragon (D:8)
  2 vampire mosquitoes (D:11)
  2 wargs (D:11)
  2 acid dragons (D:12)
  A water moccasin (D:7)
  4 orc warriors (D:11)
  2 ice beasts
  2 black bears
  A sky beast (D:3)
  An ogre (D:4)
  2 necrophages
  5 centaurs
  A phantom (D:5)
  3 kobold brigands
  3 bullfrogs
  A gnoll sergeant (D:8)
  2 scorpions (D:6)
  A water moccasin zombie (D:5)
  8 killer bees
  8 wights
  2 howler monkeys
  7 electric eels
  A bullfrog zombie (D:7)
  3 centaur zombies
  4 hounds
  11 orc priests
  A bullfrog skeleton (D:5)
  A centaur skeleton (D:5)
  4 iguanas
  9 orc wizards
  A killer bee zombie (D:5)
  A hound skeleton (D:5)
  9 gnolls
  9 adders
  3 white imps
  2 worms
  2 dart slugs
  24 orcs
  8 ball pythons
  8 bats
  2 endoplasms (D:2)
  6 giant cockroaches (Sewer)
  9 goblins
  6 hobgoblins
  6 jackals
  7 quokkas
  4 frilled lizards (Sewer)
  17 kobolds
  4 rats
263 creatures vanquished.

Vanquished Creatures (others)
  4 dream sheep (D:9)
  2 orc wizards (D:11)
  2 orcs (D:11)
  4 plants (D:7)
12 creatures vanquished.

Grand Total: 275 creatures vanquished

Notes
Turn   | Place    | Note
-------+----------+-------------------------------------------
     0 | D:1      | Crownlay the Troll Hunter began the quest for the Orb.
     0 | D:1      | Reached XP level 1. HP: 19/19 MP: 0/0
   170 | D:1      | Found Kashroeg's Weapon Boutique.
   179 | D:1      | Got the Guide on Scorching Summoning
   235 | D:1      | Found a faded altar of an unknown god.
   331 | D:1      | Reached skill level 1 in Unarmed Combat
   383 | D:1      | Reached XP level 2. HP: 23/28 MP: 1/1
   699 | D:1      | Reached XP level 3. HP: 35/35 MP: 2/2
  1261 | D:2      | Reached skill level 2 in Unarmed Combat
  2102 | D:3      | Reached XP level 4. HP: 38/42 MP: 3/3
  2109 | D:3      | Noticed a sky beast
  2110 | D:3      | Killed a sky beast
  2111 | D:3      | Reached skill level 3 in Unarmed Combat
  2111 | D:3      | Reached XP level 5. HP: 49/49 MP: 4/4
  2332 | D:3      | Reached skill level 4 in Unarmed Combat
  2768 | D:4      | Found a glowing drain.
  2779 | Sewer    | Entered a sewer
  2983 | Sewer    | Reached XP level 6. HP: 50/57 MP: 5/5
  2993 | Sewer    | Reached skill level 5 in Unarmed Combat
  3276 | D:4      | Reached skill level 5 in Throwing
  3529 | D:4      | Reached skill level 6 in Unarmed Combat
  3529 | D:4      | Reached XP level 7. HP: 65/65 MP: 6/6
  4254 | D:5      | Entered Level 5 of the Dungeon
  4270 | D:5      | Noticed Sigmund
  4278 | D:5      | Killed Sigmund
  4279 | D:5      | Reached skill level 1 in Armour
  4279 | D:5      | Reached skill level 7 in Unarmed Combat
  4290 | D:5      | Reached XP level 8. HP: 70/75 MP: 7/7
  4389 | D:5      | Reached skill level 8 in Unarmed Combat
  4816 | D:6      | Noticed Grinder
  4819 | D:6      | Paralysed by Grinder for 7 turns
  4832 | D:6      | Killed Grinder
  4974 | D:6      | Found Ewaagy's Antique Armour Shoppe.
  5126 | D:6      | Reached skill level 5 in Fighting
  5126 | D:6      | Reached XP level 9. HP: 88/88 MP: 8/8
  5156 | D:6      | Noticed Prince Ribbit
  5189 | D:6      | Killed Prince Ribbit
  5541 | D:7      | Noticed a troll
  5549 | D:7      | Killed a troll
  5665 | D:7      | Noticed a boulder beetle
  5673 | D:7      | Killed a boulder beetle
  5674 | D:7      | Reached skill level 5 in Armour
  5695 | D:7      | Found a bloodstained altar of Trog.
  5695 | D:7      | Found an iron altar of Okawaru.
  5706 | D:7      | Became a worshipper of Warmaster Okawaru
  5839 | D:8      | Reached skill level 9 in Unarmed Combat
  5867 | D:8      | Reached XP level 10. HP: 90/98 MP: 9/9
  5870 | D:8      | Reached * piety under Okawaru
  5925 | D:8      | Noticed Harold
  5930 | D:8      | Noticed Erica
  5940 | D:8      | Killed Harold
  5948 | D:8      | Killed Erica
  5948 | D:8      | Reached ** piety under Okawaru
  6403 | D:8      | Reached skill level 10 in Unarmed Combat
  6618 | D:9      | Reached *** piety under Okawaru
  6630 | D:9      | Received a gift from Okawaru
  6756 | D:9      | Found a shimmering altar of Xom.
  6758 | D:9      | Reached XP level 11. HP: 111/111 MP: 10/10
  6939 | D:10     | Entered Level 10 of the Dungeon
  7165 | D:10     | Found a sacrificial altar of Ru.
  7367 | D:10     | Received a gift from Okawaru
  7611 | D:11     | Noticed Urug
  7618 | D:11     | Killed Urug
  7618 | D:11     | Reached **** piety under Okawaru
  7639 | D:11     | Reached skill level 11 in Unarmed Combat
  8001 | D:11     | Found a staircase to the Orcish Mines.
  8008 | D:11     | Reached ***** piety under Okawaru
  8144 | D:11     | Reached skill level 1 in Invocations
  8147 | D:11     | Received a gift from Okawaru
  8369 | D:11     | Found a staircase to the Lair.
  8692 | D:12     | Noticed a four-headed hydra
  8700 | D:12     | Killed a seven-headed hydra
  8700 | D:12     | Received a gift from Okawaru
  8727 | D:12     | Noticed a centaur warrior
  8732 | D:12     | Killed a centaur warrior
  8741 | D:12     | Reached skill level 12 in Unarmed Combat
  8757 | D:12     | Reached XP level 12. HP: 53/119 MP: 13/13
  8978 | D:12     | HP: 3/119 [centaur/arrow (10)]
  8979 | D:12     | Shot with an arrow by a centaur

Illustrated notes

Levels and vault maps discovered:
D:1:      wheals_arrival_linesprint, layout_basic, serial_shops, shop,
          hellmonk_ecumenical_altar_lost_god
D:2:      minmay_spotlight, layout_loops_corners
D:3:      layout_basic, kennysheep_generic_room_12
D:4:      layout_basic, serial_glass, glass_columns_b, glass_columns_a,
          glass_columns_a, glass_columns_a, glass_columns_c, glass_columns_c,
          portal_sewer_entry_d
D:5:      layout_rooms, uniq_sigmund
D:6:      layout_basic, serial_shops, nicolae_shop_trees,
          hangedman_abyss_or_decor_stabs, minivault_5, uniq_grinder,
          uniq_prince_ribbit1
D:7:      layout_loops_ring, grunt_temple_overflow_bloody_war,
          minmay_temple_entry_ruins, serial_bayou, serial_bayou_pond_e,
          serial_bayou_pond_b, serial_bayou_pond_e, serial_bayou_shore_a,
          hex_medium, small_statue_intersection
D:8:      layout_basic, uniq_harold, uniq_erica
D:9:      layout_rooms, kb_xom_exploding_sheep
D:10:     layout_small_grid, general_overflow_altar
D:11:     layout_basic, erik_lair_orcish_takeover, david_orc_1_choice, uniq_urug
D:12:     hangedman_cross_veins, layout_basic, gauntlet_entry_generic

Skill      XL: |  1  2  3  4  5  6  7  8  9 10 11 12 |
---------------+-------------------------------------+-----
Unarmed Combat | 1 2 3 4 6 7 8 9 10 12 | 12.2
Throwing       | 4 5 6 7 9 |  9.9
Fighting       | 2 3 5 6 8 |  8.0
Armour         | 1 4 5 |  5.0
Invocations    | 3 4 |  4.1
Dodging        | |  1.5
Stealth        | |  0.3

Action                   |  1- 3 |  4- 6 |  7- 9 | 10-12 || total
-------------------------+-------+-------+-------+-------++-------
Melee: Unarmed           |    96 |   116 |   230 |   309 ||   751
       Punch             |       |     2 |     5 |    19 ||    26
Throw: Large rock        |       |     3 |    15 |    14 ||    32
       Throwing net      |       |       |     2 |     1 ||     3
Invok: Heroism           |       |       |       |     3 ||     3
Evoke: Wand              |       |       |       |     4 ||     4
  Use: Scroll            |       |     4 |     1 |     7 ||    12
       Potion            |       |       |       |     1 ||     1
Armor: Robe              |    30 |    41 |     2 |       ||    73
       Gold dragon scale |       |       |   177 |   219 ||   396
Dodge: Dodged            |    53 |    56 |    40 |    52 ||   201
Block: Other             |       |       |       |    46 ||    46
       Reflection        |       |       |       |     6 ||     6
